Map: Lightshade LE

Players

cure

  • Race: Terran Terran

LiquidClem (Clem) - Winner!

  • Race: Terran Terran
  • League: Bronze

Event: TSL 7

VOD

Have the link to the VOD?

Description

Time

  • Played on: June 19, 2021, 10:25 a.m.
  • Length: 7:55

All games in this series

Show
View Real Time Build Order
Export as new Build Order

cure Terran 

Build Orders:  

Get SALT Encoding   

  12  0:00  SCV  
  13  0:12  SCV  
  14  0:18  Supply Depot  
  14  0:24  SCV  
  15  0:39  SCV  
  15  0:40  Barracks  
  16  0:45  Refinery  
  16  0:51  SCV  
  16  0:55  Refinery  
  17  1:03  SCV  
  18  1:16  SCV  
  19  1:28  Orbital Command  
  19  1:38  Factory  
  19  1:40  Barracks Tech Lab  
  19  1:47  Supply Depot  
  19  1:54  SCV  
  20  1:58  Marauder  
  20  1:59  Concussive Shells  
  22  2:06  SCV  
  23  2:19  SCV  
  23  2:20  Marauder  
  26  2:30  Hellion  
  26  2:31  SCV  
  27  2:41  Marauder, Supply Depot  
  29  2:46  SCV  
  30  2:54  Factory Tech Lab  
  28  2:59  SCV  
  28  3:04  Marauder, Command Center  
  31  3:13  Cyclone  
  31  3:16  SCV  
  33  3:32  Starport, SCV  
  32  3:44  SCV  
  32  3:45  Cyclone  
  32  3:48  Supply Depot  
  35  3:50  Marauder  
  37  3:56  SCV  
  37  4:08  SCV  
  37  4:09  Starport Tech Lab  
  35  4:11  Marauder  
  35  4:16  Refinery  
  37  4:20  Cyclone  
  37  4:21  SCV  
  41  4:33  SCV  
  41  4:37  Banshee  
  44  4:45  SCV  
  35  4:54  Cyclone  
  35  4:57  SCV  
  39  5:05  Command Center  
  39  5:09  SCV  
  40  5:21  SCV, Raven  
  40  5:22  Refinery  
  40  5:27  SCV  
  44  5:30  Barracks  
  44  5:33  SCV  
  44  5:34  Cyclone  
  48  5:42  SCV  
  49  5:46  SCV  
  50  5:54  SCV  
  50  5:58  SCV  
  51  6:06  SCV, Siege Tank  
  51  6:10  SCV  
  56  6:15  Raven  
  59  6:21  Orbital Command  
  58  6:27  SCV x2  
  58  6:31  Barracks Reactor  
  57  6:39  SCV x2  
  59  6:46  Siege Tank  
  57  6:51  SCV x3  
  58  7:16  Viking  
  58  7:19  Viking  
  57  7:40  SCV x2  
Show
View Real Time Build Order
Export as new Build Order

LiquidClem Terran - Winner!

Build Orders:  

Get SALT Encoding   

  12  0:00  SCV  
  13  0:12  SCV  
  14  0:16  Supply Depot  
  14  0:24  SCV  
  15  0:38  SCV  
  15  0:39  Barracks  
  16  0:42  Refinery  
  16  0:50  SCV  
  16  0:52  Refinery  
  17  1:02  SCV  
  18  1:14  SCV  
  19  1:26  Reaper  
  19  1:27  Orbital Command  
  19  1:28  Supply Depot  
  20  1:40  Factory  
  20  1:53  SCV  
  21  1:56  Bunker  
  21  1:58  Marine  
  22  2:05  SCV  
  23  2:17  SCV, Reaper  
  25  2:23  Hellion  
  25  2:29  SCV  
  28  2:30  Supply Depot  
  28  2:40  Command Center  
  28  2:43  SCV  
  29  2:48  Hellion  
  30  2:55  Reaper  
  31  2:58  Starport  
  31  3:01  SCV  
  32  3:11  Factory Tech Lab  
  32  3:13  SCV  
  33  3:25  SCV  
  33  3:27  Marine  
  33  3:32  Cyclone  
  37  3:37  Starport Tech Lab  
  37  3:38  SCV  
  38  3:45  Marine  
  38  3:46  Refinery  
  39  4:00  Supply Depot  
  39  4:01  Banshee, SCV  
  41  4:03  Marine  
  41  4:05  Orbital Command  
  42  4:11  Siege Tank  
  42  4:13  SCV  
  46  4:23  Marine, Supply Depot  
  47  4:25  SCV  
  46  4:31  SCV  
  46  4:37  SCV  
  46  4:41  Marine  
  46  4:44  SCV  
  46  4:45  Raven  
  46  4:49  SCV  
  48  4:55  Siege Tank  
  48  4:56  SCV  
  53  5:02  SCV  
  53  5:06  Barracks Reactor  
  53  5:08  SCV  
  53  5:14  SCV  
  55  5:20  SCV  
  56  5:23  Command Center  
  56  5:26  SCV  
  57  5:29  Siege Tank  
  57  5:30  Supply Depot  
  57  5:32  SCV  
  61  5:38  SCV, Supply Depot  
  62  5:44  SCV  
  62  5:47  Viking x2  
  67  5:50  SCV  
  67  5:56  SCV  
  69  5:57  Stimpack  
  69  5:58  Marine  
  69  6:01  Supply Depot  
  69  6:02  SCV  
  71  6:07  Siege Tank  
  71  6:08  SCV  
  74  6:14  SCV  
  74  6:15  Marine  
  74  6:20  SCV  
  72  6:26  SCV  
  72  6:27  Refinery  
  72  6:31  Viking  
  75  6:32  SCV  
  75  6:35  Orbital Command  
  75  6:38  SCV, Marine  
  78  6:45  SCV  
  76  6:48  Siege Tank  
  76  6:50  SCV  
  76  6:53  Viking  
  82  6:56  Orbital Command, Marine  
  82  6:57  SCV  
  84  7:04  Viking, Supply Depot  
  84  7:07  SCV  
  84  7:14  Marine  
  85  7:20  Siege Tank  
  88  7:26  SCV  
  88  7:29  SCV x2  
  91  7:32  Barracks, Marine  
  91  7:33  Barracks  
  92  7:38  SCV  
Tags
 
Event
TSL 7
League
Bronze
Matchup
TvT
Player
ClemCure
Race
Terran
Add a new tag
Caveats
  • Supply blocks, unpowered buildings, or Contaminate may cause inaccurate times.
  • Supply counts are checked every 10 seconds.